 Dungeon Crawl Stone Soup version 0.23.2-40-g277498a001 (webtiles) character file.

Game seed: 14975146597675781066

149 Martska the Chopper (level 5, -2/46 HPs)
             Began as a Hill Orc Fighter on Oct 2, 2019.
             Killed from afar by Sigmund (3 damage)
             ... with a magic dart
             ... on level 2 of the Dungeon.
             The game lasted 00:05:49 (1609 turns).

Martska the Chopper (Hill Orc Fighter)              Turns: 1609, Time: 00:05:49

Health: -2/46      AC:  7    Str: 20    XL:     5   Next: 31%
Magic:  5/5        EV:  7    Int:  8    God:
Gold:   53         SH:  0    Dex: 10    Spells: 4/4 levels left

rFire    . . .     SeeInvis .   a - +0 war axe
rCold    . . .     Gourm    .   c - +0 shield
rNeg     . . .     Faith    .   b - +0 scale mail
rPois    .         Spirit   .   (no helmet)
rElec    .         Reflect  .   (no cloak)
rCorr    .         Harm     .   (no gloves)
MR       .....                  (no boots)
Stlth    ..........             (no amulet)
HPRegen  0.15/turn              (no ring)
MPRegen  0.09/turn              (no ring)

@: confused
A: no striking features
a: no special abilities


You were on level 2 of the Dungeon.
You were not hungry.

You visited 1 branch of the dungeon, and saw 2 of its levels.

You collected 53 gold pieces.

Inventory:

Hand Weapons
 a - a +0 war axe (weapon)
Armour
 b - a +0 scale mail (worn)
 c - a +0 shield (worn)
Scrolls
 e - a scroll of enchant weapon {unknown}
 g - a scroll of fog {unknown}
 h - a scroll of identify {unknown}
 i - a scroll of immolation {unknown}
 j - a scroll of enchant armour {unknown}
Potions
 d - 2 potions of might
 k - a potion of heal wounds
 l - 2 potions of flight {unknown}
 m - a potion of degeneration {unknown}
Comestibles
 f - a ration


   Skills:
 + Level 4.2 Fighting
 + Level 4.9 Axes
 + Level 4.0 Armour
 + Level 1.0 Dodging
 + Level 3.9 Shields


You had 4 spell levels left.
You didn't know any spells.
Your spell library was empty.

Dungeon Overview and Level Annotations

Branches:
Dungeon (2/15)

Altars:
Elyvilon

Annotations:
D:2 Sigmund


Message History

The magic dart hits you!
You hit something. Something hits you but does no damage.
You closely miss something. Something hits you but does no damage.
You closely miss something. Something hits you!
* * * LOW HITPOINT WARNING * * *
You barely miss something.
You hear some strange, mumbled words.
You are confused.
Your shield and scale mail prevent you from hitting something.
Something hits you but does no damage.
You miss something.
You hear some strange, mumbled words.
You are more confused.
A magic dart appears from out of thin air!
The magic dart hits you.
* * * LOW HITPOINT WARNING * * *
You bump into the rock wall.
A magic dart appears from out of thin air!
The magic dart hits you.
You die...

....#. ...
....#......#.# #. .
..#........#.#...
.......#.....#...
....%....#....... ..
#........#....... .....
......{#.#....... .....
.............#### .....
.......@.<........ ....
...#.#.##.........##....
# .. #.##'#.##....... ##
.. #.###.#....#
.......### ###... ..
#.......## ..........
.......# .
#.......###.<........
.......#
..###.................
#......#
.........[.......#....
.......#
...?##...........#...†


There were no monsters in sight!

Vanquished Creatures
  A centaur skeleton (D:2)
  Robin (D:2)
  3 adders (D:2)
  An ooze (D:1)
  A worm (D:2)
  2 dart slugs (D:2)
  A leopard gecko (D:1)
  3 giant cockroaches (D:1)
  16 goblins
  6 hobgoblins
  13 jackals
  7 kobolds
  A quokka (D:2)
  A ball python (D:1)
  5 bats
  4 frilled lizards
  A rat (D:2)
67 creatures vanquished.

Vanquished Creatures (others)
  An adder (D:2)
1 creature vanquished.

Grand Total: 68 creatures vanquished

Notes
Turn   | Place    | Note
-------+----------+-------------------------------------------
     0 | D:1      | Martska the Hill Orc Fighter began the quest for the Orb.
     0 | D:1      | Reached XP level 1. HP: 19/19 MP: 1/1
   113 | D:1      | Reached XP level 2. HP: 25/27 MP: 2/2
   679 | D:1      | Reached XP level 3. HP: 30/33 MP: 3/3
  1058 | D:2      | Noticed Robin
  1075 | D:2      | Killed Robin
  1075 | D:2      | Reached XP level 4. HP: 14/40 MP: 4/4
  1323 | D:2      | Reached XP level 5. HP: 39/46 MP: 5/5
  1388 | D:2      | Reached skill level 1 in Dodging
  1422 | D:2      | Found a white marble altar of Elyvilon.
  1582 | D:2      | Noticed Sigmund
  1608 | D:2      | HP: 1/46 [something/magic dart (5)]
  1609 | D:2      | Killed from afar by Sigmund

Skill      XL: |  1  2  3  4  5 |
---------------+----------------+-----
Axes           | 3 4 |  4.9
Fighting       | 4 |  4.2
Armour         | 4 |  4.0
Dodging        | 1 |  1.0
Shields        | |  3.9

Action                   |  1- 3 |  4- 6 || total
-------------------------+-------+-------++-------
Melee: War axe           |   130 |    82 ||   212
  Use: Potion            |       |     1 ||     1
  Eat: Ration            |       |     1 ||     1
Armor: Scale mail        |    75 |    40 ||   115
Dodge: Dodged            |    51 |    25 ||    76
Block: Shield            |    80 |    43 ||   123
